[Event "94th FRA-ch Open D 2019"]
[Site "Chartres"]
[Date "2019.08.24"]
[Round "8.3"]
[White "Nezosi, Christophe"]
[Black "Thillerot, Anthony"]
[Result "0-1"]
[ECO "C11"]
[WhiteElo "1523"]
[BlackElo "1542"]
[Annotator "NA"]
[PlyCount "60"]
[EventDate "2019.08.17"]
[EventType "swiss"]
[EventCountry "FRA"]
[SourceTitle "playchess.com"]
[Source "ChessBase"]
[SourceQuality "1"]
[TimeControl "40/5400+30:1800+30"]

1. e4 e6 2. d4 d5 3. Nc3 Nf6 4. e5 Nfd7 5. f4 c5 6. Nf3 Nc6 7. Be3 a6 8. a4 Qb6 9. Rb1 cxd4 10. Nxd4 Bc5 11. Nce2 f6 12. Nxe6 Bxe3 13. Qxd5 Nb4 14. Nxg7+ Kf8 15. Ne6+ Ke7 16. Qb3 Bf2+ 17. Kd2 Qxe6 18. Qxb4+ Bc5 19. exf6+ Qxf6 20. Qc4 Qd6+ 21. Kc3 Nb6 22. Qe4+ Be6 23. b3 Ba3 24. Nd4 Nd5+ 25. Kd2 Qb4+ 26. Ke2 Nc3+ 27. Kf3 Nxe4 28. Kxe4 Rad8 29. Rd1 Bb2 30. Rd3 Rxd4+ 0-1

[Event "94th FRA-ch Open D 2019"]
[Site "Chartres"]
[Date "2019.08.24"]
[Round "8.4"]
[White "Melier, Ludovic"]
[Black "Gatineau, Milann"]
[Result "1-0"]
[ECO "C01"]
[WhiteElo "1425"]
[BlackElo "1517"]
[Annotator "NA"]
[PlyCount "91"]
[EventDate "2019.08.17"]
[EventType "swiss"]
[EventCountry "FRA"]
[SourceTitle "playchess.com"]
[Source "ChessBase"]
[SourceQuality "1"]
[TimeControl "40/5400+30:1800+30"]

1. e4 e6 2. d4 d5 3. exd5 exd5 4. Nf3 Bd6 5. Be2 Nf6 6. O-O h6 7. Bb5+ c6 8. Re1+ Be6 9. Bd3 O-O 10. Nbd2 Nbd7 11. Nb3 Qc7 12. g3 Rfe8 13. Bd2 b6 14. Nh4 Bg4 15. Be2 Be6 16. Bd3 c5 17. dxc5 bxc5 18. Bf1 a5 19. a4 Be5 20. f4 Bg4 21. Qc1 Bd6 22. Rxe8+ Nxe8 23. Qe1 Nef6 24. Bxa5 Qa7 25. Bc3 Re8 26. Qd2 d4 27. Ba5 Ne4 28. Qd3 Ndf6 29. Qa6 Qe7 30. Bb5 Rc8 31. f5 Rb8 32. Bc4 Ng5 33. Re1 Qd7 34. Bb5 Nh3+ 35. Kf1 Qb7 36. Qxb7 Rxb7 37. Bc4 Bh5 38. Kg2 Bg4 39. Bd8 Nh7 40. Re8+ Nf8 41. a5 Ra7 42. Bb6 Rd7 43. a6 Bc7 44. Bxc5 Rd8 45. Rxd8 Bxd8 46. a7 1-0

[Event "94th FRA-ch Open D 2019"]
[Site "Chartres"]
[Date "2019.08.24"]
[Round "8.5"]
[White "Paralieu, Maxime"]
[Black "Vu Dinh, Adrien"]
[Result "0-1"]
[ECO "C57"]
[WhiteElo "1480"]
[BlackElo "1513"]
[Annotator "NA"]
[PlyCount "50"]
[EventDate "2019.08.17"]
[EventType "swiss"]
[EventCountry "FRA"]
[SourceTitle "playchess.com"]
[Source "ChessBase"]
[SourceQuality "1"]
[TimeControl "40/5400+30:1800+30"]

1. e4 e5 2. Nf3 Nc6 3. Bc4 Nf6 4. Ng5 d5 5. exd5 b5 6. Bf1 Nxd5 7. d3 Be7 8. Ne4 O-O 9. g3 b4 10. Bg2 Be6 11. O-O h6 12. c4 bxc3 13. Nexc3 Qd7 14. b3 Rad8 15. Bb2 Bg4 16. Qd2 Bg5 17. f4 Nxc3 18. Qxc3 Nd4 19. Re1 exf4 20. gxf4 Rfe8 21. fxg5 Bf3 22. Rxe8+ Qxe8 23. Bxf3 Qe3+ 24. Kg2 Qxf3+ 25. Kg1 Ne2# 0-1

[Event "94th FRA-ch Open D 2019"]
[Site "Chartres"]
[Date "2019.08.24"]
[Round "8.6"]
[White "Catherinot, Laetitia"]
[Black "Druon, Thibault"]
[Result "0-1"]
[ECO "A39"]
[WhiteElo "1587"]
[BlackElo "1388"]
[Annotator "NA"]
[PlyCount "136"]
[EventDate "2019.08.17"]
[EventType "swiss"]
[EventCountry "FRA"]
[SourceTitle "playchess.com"]
[Source "ChessBase"]
[SourceQuality "1"]
[TimeControl "40/5400+30:1800+30"]

1. c4 g6 2. g3 Nf6 3. Bg2 Bg7 4. Nf3 c5 5. O-O Nc6 6. d4 cxd4 7. Nxd4 Nxd4 8. Qxd4 d6 9. Nc3 O-O 10. Qh4 Rb8 11. Bh6 a6 12. Bxg7 Kxg7 13. Qd4 Be6 14. b3 Kg8 15. e4 b5 16. cxb5 axb5 17. Rfc1 b4 18. Nd5 Bxd5 19. exd5 Qa5 20. Rc6 Rb5 21. Qh4 Re8 22. Rc4 Qb6 23. Rac1 Kg7 24. Qd4 Qxd4 25. Rxd4 Ra8 26. Ra1 Nd7 27. Bf1 Rb6 28. Bc4 Ne5 29. Be2 Ra5 30. f4 Nd7 31. Bc4 Nc5 32. Kf2 f5 33. Ke3 Ne4 34. Rdd1 Nc3 35. Rd2 Rb7 36. Kd3 Rba7 37. a3 Nxd5 38. a4 Nc3 39. Re1 d5 40. Bb5 Nxb5 41. axb5 Rxb5 42. Rde2 Kf7 43. Kd4 Rd7 44. Re5 Ra5 45. R1e2 Ra3 46. R2e3 Ra1 47. Kc5 d4 48. Rd3 Rh1 49. h4 Rc1+ 50. Kxb4 Rb7+ 51. Rb5 Rxb5+ 52. Kxb5 Rc3 53. Rxd4 Rxb3+ 54. Kc5 Rxg3 55. Rd5 Rg4 56. h5 Rxf4 57. hxg6+ hxg6 58. Re5 Re4 59. Rd5 Kf6 60. Rd1 e5 61. Rg1 f4 62. Kd5 Kf5 63. Rg2 g5 64. Rg1 Rd4+ 65. Kc5 g4 66. Rg2 g3 67. Rg1 Kg4 68. Re1 g2 {[%emt 0:12:06] Kxd4} 0-1

[Event "94th FRA-ch Open D 2019"]
[Site "Chartres"]
[Date "2019.08.25"]
[Round "9.1"]
[White "Lissillour, Baptiste"]
[Black "Melier, Ludovic"]
[Result "1-0"]
[ECO "A83"]
[WhiteElo "1469"]
[BlackElo "1425"]
[Annotator "NA"]
[PlyCount "49"]
[EventDate "2019.08.17"]
[EventType "swiss"]
[EventCountry "FRA"]
[SourceTitle "playchess.com"]
[Source "ChessBase"]
[SourceQuality "1"]
[TimeControl "40/5400+30:1800+30"]

1. d4 f5 2. e4 fxe4 3. Nc3 Nf6 4. Bg5 e6 5. Nxe4 Be7 6. Bxf6 Bxf6 7. c3 b6 8. Bd3 Bb7 9. Qh5+ g6 10. Qf3 Be7 11. h4 d5 12. Ng3 Rf8 13. Qg4 Bc8 14. Nf3 Bd6 15. h5 e5 16. Bxg6+ hxg6 17. Qxg6+ Rf7 18. dxe5 Qe7 19. O-O-O Bc5 20. e6 Bxe6 21. Rhe1 Kd7 22. Ne5+ Kd6 23. Ne4+ Kxe5 24. Nxc5+ Kd6 25. Rxe6+ 1-0

[Event "94th FRA-ch Open D 2019"]
[Site "Chartres"]
[Date "2019.08.25"]
[Round "9.2"]
[White "Vu Dinh, Adrien"]
[Black "Minatchy, Tristan"]
[Result "0-1"]
[ECO "B07"]
[WhiteElo "1513"]
[BlackElo "1452"]
[Annotator "NA"]
[PlyCount "80"]
[EventDate "2019.08.17"]
[EventType "swiss"]
[EventCountry "FRA"]
[SourceTitle "playchess.com"]
[Source "ChessBase"]
[SourceQuality "1"]
[TimeControl "40/5400+30:1800+30"]

1. e4 d6 2. d4 Nf6 3. Nc3 g6 4. Be3 c6 5. f3 Nbd7 6. Qd2 b5 7. O-O-O b4 8. Nb1 a5 9. g4 Nb6 10. h4 h5 11. g5 Nfd7 12. d5 c5 13. f4 Bg7 14. Nf3 Na4 15. c3 Rb8 16. Qc2 Ndb6 17. e5 O-O 18. c4 Bg4 19. Nbd2 e6 20. dxe6 dxe5 21. exf7+ Rxf7 22. Qxg6 Bf5 23. Qxf7+ Kxf7 24. Ne4 Bxe4 25. Rxd8 Rxd8 26. Bg2 exf4 27. Ne5+ Bxe5 28. Bxe4 Bxb2+ 29. Kc2 fxe3 30. g6+ Kg7 31. Bd3 Bc3 32. Rh2 Nb2 33. Be2 N6xc4 34. Bxc4 Nxc4 35. a4 Rd2+ 36. Rxd2 exd2 37. Kd3 Nb2+ 38. Ke4 d1=Q 39. Ke3 Nc4+ 40. Kf4 Qg4# 0-1

[Event "94th FRA-ch Open D 2019"]
[Site "Chartres"]
[Date "2019.08.25"]
[Round "9.3"]
[White "Thillerot, Anthony"]
[Black "Ebrard-Dulac, Leopold"]
[Result "0-1"]
[ECO "E92"]
[WhiteElo "1542"]
[BlackElo "1519"]
[Annotator "NA"]
[PlyCount "60"]
[EventDate "2019.08.17"]
[EventType "swiss"]
[EventCountry "FRA"]
[SourceTitle "playchess.com"]
[Source "ChessBase"]
[SourceQuality "1"]
[TimeControl "40/5400+30:1800+30"]

1. Nf3 Nf6 2. c4 g6 3. d4 Bg7 4. Nc3 O-O 5. e4 d6 6. Be2 e5 7. dxe5 dxe5 8. Qxd8 Rxd8 9. Nxe5 Nxe4 10. Nxf7 Bxc3+ 11. bxc3 Kxf7 12. Bf3 Nxc3 13. O-O c6 14. a4 Bf5 15. Bb2 Ne4 16. g4 Nd2 17. Be2 Nxf1 18. gxf5 Nd2 19. Rd1 Na6 20. f6 Ne4 21. Rb1 Nac5 22. Ba3 Nc3 23. Re1 Nxe2+ 24. Rxe2 Ne6 25. Be7 Rd1+ 26. Kg2 Nf4+ 27. Kf3 Nxe2 28. Kxe2 Ra1 29. h4 Re8 30. Kd3 Rxe7 0-1

[Event "94th FRA-ch Open D 2019"]
[Site "Chartres"]
[Date "2019.08.25"]
[Round "9.4"]
[White "Alcindor, Samuel"]
[Black "Seillon, Geoffrey"]
[Result "1-0"]
[ECO "B07"]
[WhiteElo "1580"]
[BlackElo "1464"]
[Annotator "NA"]
[PlyCount "73"]
[EventDate "2019.08.17"]
[EventType "swiss"]
[EventCountry "FRA"]
[SourceTitle "playchess.com"]
[Source "ChessBase"]
[SourceQuality "1"]
[TimeControl "40/5400+30:1800+30"]

1. e4 Nf6 2. Nc3 d6 3. d4 g6 4. Be3 Bg7 5. f4 Ng4 6. Qd2 O-O 7. Be2 Nxe3 8. Qxe3 c6 9. O-O-O b5 10. h4 Qb6 11. e5 b4 12. Nb1 Be6 13. h5 dxe5 14. fxe5 Nd7 15. Nf3 Bxa2 16. hxg6 fxg6 17. Ng5 h5 18. Qd3 Rf5 19. Rxh5 c5 20. Rdh1 c4 21. Qe4 Rd8 22. Qd5+ e6 23. Nxe6 Nf6 24. Qxd8+ Qxd8 25. Nxd8 Nxh5 26. Bxh5 gxh5 27. b3 cxb3 28. cxb3 Bxb3 29. Nc6 Bh6+ 30. Kb2 Bd5 31. Ne7+ Kf8 32. Nxf5 Bxg2 33. Rxh5 Bf4 34. Nh4 Be4 35. Nf3 Kf7 36. Rh4 Bxe5 37. Nxe5+ 1-0

[Event "94th FRA-ch Open D 2019"]
[Site "Chartres"]
[Date "2019.08.25"]
[Round "9.5"]
[White "Decurninge, Brice"]
[Black "De Carvalho Massabo, Raphael"]
[Result "1/2-1/2"]
[ECO "C54"]
[WhiteElo "1462"]
[BlackElo "1579"]
[Annotator "NA"]
[PlyCount "61"]
[EventDate "2019.08.17"]
[EventType "swiss"]
[EventCountry "FRA"]
[SourceTitle "playchess.com"]
[Source "ChessBase"]
[SourceQuality "1"]
[TimeControl "40/5400+30:1800+30"]

1. e4 e5 2. Nf3 Nc6 3. Bc4 Nf6 4. d3 Bc5 5. c3 O-O 6. O-O d6 7. b4 Bb6 8. Bg5 Qe7 9. Bb3 a5 10. b5 Nd8 11. Nbd2 Ne6 12. Bxf6 Qxf6 13. Nc4 Bc5 14. Ne3 c6 15. bxc6 bxc6 16. Ba4 Bd7 17. Rb1 Rfb8 18. Rxb8+ Rxb8 19. Nc4 Nf4 20. d4 Bh3 21. dxc5 Bxg2 22. Qxd6 Qxd6 23. cxd6 Bxf3 24. Re1 Bxe4 25. Nxe5 Rb2 26. f3 Nh3+ 27. Kh1 Nf2+ 28. Kg1 Nh3+ 29. Kh1 Nf2+ 30. Kg1 Nh3+ 31. Kh1 1/2-1/2

[Event "94th FRA-ch Open D 2019"]
[Site "Chartres"]
[Date "2019.08.25"]
[Round "9.6"]
[White "Druon, Thibault"]
[Black "Lombardo, Patrick"]
[Result "1-0"]
[ECO "D19"]
[WhiteElo "1388"]
[BlackElo "1566"]
[Annotator "NA"]
[PlyCount "75"]
[EventDate "2019.08.17"]
[EventType "swiss"]
[EventCountry "FRA"]
[SourceTitle "playchess.com"]
[Source "ChessBase"]
[SourceQuality "1"]
[TimeControl "40/5400+30:1800+30"]

1. d4 d5 2. c4 c6 3. Nf3 Nf6 4. Nc3 dxc4 5. a4 Bf5 6. e3 e6 7. Bxc4 Bb4 8. O-O Nbd7 9. Qe2 O-O 10. e4 Bg4 11. Bd3 e5 12. d5 Nc5 13. Na2 Nxd3 14. Qxd3 a5 15. Nxe5 cxd5 16. Nxg4 Nxg4 17. exd5 Qd6 18. Qg3 Qxg3 19. hxg3 Bc5 20. Bf4 Bd4 21. Rad1 Bxb2 22. Rb1 Bd4 23. Rxb7 Rfe8 24. Nc1 Nxf2 25. Nb3 Nh3+ 26. Kh2 Nxf4 27. Rxf4 Bf6 28. d6 Re5 29. Nd2 Rh5+ 30. Kg1 Rd5 31. Nc4 Rd8 32. Re4 Kf8 33. Ree7 Bd4+ 34. Kf1 Rf5+ 35. Ke2 Re8 36. d7 Rxe7+ 37. Kd3 Rd5 38. Rb8+ {[%emt 0:04:00] Rf5 Rb7 Ba7 Rxa7 Rxd7+ Rxd7} 1-0